 Dungeon Crawl Stone Soup version 0.28-a0-1447-ga5a8893891 (webtiles) character file.

Game seed: 12668741343162194760

3768 chunkyMonkey the Nimble (level 9, -1/47 HPs)
             Began as a Spriggan Fighter on Jan 11, 2022.
             Was a Priest of Okawaru.
             Slain by Joseph (13 damage)
             ... on level 8 of the Dungeon.
             The game lasted 00:22:24 (17928 turns).

chunkyMonkey the Nimble (Spriggan Fighter)         Turns: 17928, Time: 00:22:24

Health: -1/47      AC:  4    Str: 16    XL:     9   Next: 94%
Magic:  16/16      EV: 24    Int:  9    God:    Okawaru [***...]
Gold:   229        SH:  7    Dex: 15    Spells: 16/16 levels left

rFire   . . .      SeeInvis +   u - +6 hand axe (venom)
rCold   + . .      Faith    .   c - +0 buckler
rNeg    . . .      Spirit   .   x - +2 robe {rC+}
rPois   .          Reflect  .   (helmet restricted)
rElec   .          Harm     .   (no cloak)
rCorr   .          Rampage  .   (gloves unavailable)
Will    +....                   (boots unavailable)
Stlth   +.........              (no amulet)
HPRegen 0.15/turn               m - +4 ring of evasion
MPRegen 0.15/turn               (no ring)

@: mighty, very quick
A: very small, no large weapons, unfitting armour, see invisible, speed 3
a: Renounce Religion, Heroism


You were on level 8 of the Dungeon.
You worshipped Okawaru.
Okawaru was most pleased with you.
You visited 2 branches of the dungeon, and saw 9 of its levels.
You also visited: Ossuary.

You collected 500 gold pieces.
You spent 271 gold pieces at shops.

Inventory:

Hand Weapons
 g - a +0 dagger of draining
 h - a +0 dagger of protection
 i - a +0 dagger of venom
 o - a +1 short sword of speed
 u - a +6 hand axe of venom (weapon)
 w - a +0 dagger of holy wrath
 L - a +3 long sword
Missiles
 H - 2 throwing nets
 K - 5 poisoned darts
Armour
 c - a +0 buckler (worn)
 x - a +2 robe of cold resistance (worn)
Jewellery
 m - a +4 ring of evasion (left hand)
Wands
 f - a wand of charming (11) (quivered)
 y - a wand of paralysis (8)
 B - a wand of iceblast (17)
Scrolls
 d - 3 scrolls of teleportation
 e - 2 scrolls of blinking
 l - 3 scrolls of noise
 n - 2 scrolls of summoning
 r - a scroll of silence
 C - 3 scrolls of vulnerability
 E - 2 scrolls of enchant armour {unknown}
 F - a scroll of enchant weapon {unknown}
 I - a scroll of identify
Potions
 b - a potion of cancellation {unknown}
 j - 5 potions of flight {unknown}
 k - 4 potions of curing
 p - 4 potions of lignification {unknown}
 q - 3 potions of heal wounds {unknown}
 s - a potion of mutation {unknown}
 t - 2 potions of brilliance {unknown}
 v - 3 potions of attraction {unknown}
 z - a potion of ambrosia {unknown}
 A - a potion of resistance {unknown}
 D - 2 potions of might
 G - 2 potions of haste


   Skills:
 * Level 5.3 Fighting
 * Level 6.1(7.4) Short Blades
 * Level 4.9(5.8) Long Blades
 + Level 2.6 Armour
 * Level 8.4 Dodging
 * Level 4.8 Shields
 + Level 4.4 Spellcasting
 + Level 3.3 Invocations


You had 16 spell levels left.
You didn't know any spells.
Your spell library contained the following spells:

 Spells                   Type           Power      Damage    Failure   Level
 Ozocubu's Armour         Ice            1%         N/A       83%         3
 Leda's Liquefaction      Hex/Erth       0%         N/A       99%         4
 Lee's Rapid Deconstruct  Erth           0%         3d5*      100%        5
 Statue Form              Tmut/Erth      0%         N/A       100%        6
 Ozocubu's Refrigeration  Ice            0%         4d5       100%        7


Dungeon Overview and Level Annotations

Branches:
Dungeon (8/15)             Temple (1/1) D:4         Ossuary (visited)
   Lair: D:8-11

Altars:
Ashenzari
Cheibriados
Dithmenos
Elyvilon
Fedhas
Hepliaklqana
Kikubaaqudgha
Makhleb
Nemelex Xobeh
Okawaru
Qazlal
Ru
Sif Muna
Trog
Uskayaw
Vehumet
Wu Jian
Xom
Yredelemnul
Zin
The Shining One

Shops:
D:3 [   D:5 *

Annotations:
D:5 Menkaure
D:8 Joseph


Innate Abilities, Weirdness & Mutations

You are very small and have problems with some larger weapons.
You are too small for most types of armour.
You have supernaturally acute eyesight. (SInv)
You cover ground extremely quickly. (Speed+++)


Message History

Joseph, a Mercenary comes into view.
He is wielding a +0 quarterstaff.
You closely miss the killer bee.
The killer bee is almost dead.
Joseph shouts!
The killer bee stings you.
The killer bee completely misses you. x2
You barely miss the killer bee.
The killer bee is almost dead.
You kill the killer bee!
Okawaru accepts your kill. The orc misses you.
You hit the orc.
The orc is poisoned.
The orc is almost dead.
The orc closely misses you.
You hit the orc.
You kill the orc!
Okawaru accepts your kill.
Joseph unwields a +0 quarterstaff.
Joseph wields a +0 hunting sling of flaming.
It bursts into flame!
Joseph shoots a sling bullet.
The sling bullet barely misses you.
Joseph unwields a +0 hunting sling of flaming.
It stops flaming.
Joseph wields a +0 quarterstaff.
Joseph barely misses you.
Items here: ( )) [ †††.
You feel very mighty all of a sudden. Joseph misses you.
You slash Joseph!
Joseph is poisoned.
Joseph is moderately wounded.
Joseph misses you.
You closely miss Joseph.
Joseph is moderately wounded.
Joseph closely misses you.
You slash Joseph!
Joseph is heavily wounded.
You block Joseph's attack. Joseph hits you with a +0 quarterstaff!
You barely miss Joseph.
Joseph is heavily wounded.
Joseph hits you with a +0 quarterstaff!
* * * LOW HITPOINT WARNING * * *
You feel better. Joseph hits you with a +0 quarterstaff!
You die...

#.#####......#
#.# #......#
#.# #......#
#.#####......#
#....# ......#
####.# ......#
#.# ###'###
#.# #@# #@#
#.#### #....#
### ####.#


FKo# #.##..## #......# ###.##.y.# .y. # You could see Joseph (very poisoned).

Vanquished Creatures
  Harold (D:8)
  Grum (D:8)
  Edmund (D:5)
  2 water moccasins
  2 orc warriors
  A sky beast (D:8)
  2 ogres
  3 necrophages
  3 wolves (D:8)
  2 kobold brigands (D:8)
  A scorpion (D:7)
  2 bullfrogs
  A gnoll sergeant (D:8)
  2 wyvern zombies
  A wyvern skeleton (D:7)
  2 water moccasin skeletons
  3 killer bees (D:8)
  A centaur zombie (D:7)
  2 gnoll shamans
  2 orc priests
  2 hounds
  A bullfrog skeleton (D:6)
  3 iguanas
  3 orc wizards
  2 hound skeletons (D:4)
  13 mummies
  14 gnolls
  6 adders
  A white imp (D:7)
  2 ufetubi
  An adder skeleton (D:4)
  2 worms (D:4)
  5 dart slugs
  29 orcs
  7 ball pythons
  5 bats
  7 endoplasms
  3 giant cockroaches (D:4)
  10 goblins
  8 hobgoblins
  7 quokkas
  4 frilled lizards
  3 gnoll skeletons (Ossuary)
  3 goblin skeletons (Ossuary)
  A goblin zombie (D:6)
  13 kobolds
  A kobold skeleton (Ossuary)
  A kobold zombie (D:6)
  An orc skeleton (Ossuary)
  2 rats (D:1)
  11 rat skeletons (Ossuary)
206 creatures vanquished.

Vanquished Creatures (others)
  4 plants (D:5)
4 creatures vanquished.

Grand Total: 210 creatures vanquished

Notes
Turn   | Place    | Note
-------+----------+-------------------------------------------
     0 | D:1      | chunkyMonkey the Spriggan Fighter began the quest for the
                  | Orb.
     0 | D:1      | Reached XP level 1. HP: 11/11 MP: 2/2
    88 | D:1      | Reached XP level 2. HP: 16/16 MP: 3/3
   778 | D:1      | Reached skill level 1 in Short Blades
   857 | D:1      | Found a faded altar of an unknown god.
   992 | D:1      | Reached XP level 3. HP: 19/19 MP: 4/4
  2851 | D:3      | Found a hazy altar of Hepliaklqana.
  3083 | D:3      | Found Athet's Antique Armour Shoppe.
  3510 | D:4      | Reached XP level 4. HP: 3/23 MP: 6/6
  4123 | D:4      | Reached skill level 1 in Spellcasting
  4668 | D:4      | Noticed an ogre
  5157 | D:3      | Reached XP level 5. HP: 28/28 MP: 7/7
  5581 | D:4      | Found a staircase to the Ecumenical Temple.
  5592 | Temple   | Entered the Ecumenical Temple
  5672 | Temple   | Became a worshipper of Warmaster Okawaru
  6165 | D:4      | Noticed a necrophage
  6614 | D:3      | Killed an ogre
  6615 | D:3      | Reached skill level 5 in Dodging
  6615 | D:3      | Reached XP level 6. HP: 14/32 MP: 9/9
  8261 | D:4      | Reached skill level 1 in Armour
  8261 | D:4      | Reached skill level 1 in Invocations
  8290 | D:5      | Entered Level 5 of the Dungeon
  8377 | D:5      | Noticed an angel
  8768 | D:5      | Reached XP level 7. HP: 21/36 MP: 11/11
  9510 | D:5      | Reached * piety under Okawaru
  9747 | D:5      | Noticed Menkaure
  9897 | D:5      | Found Imagor's Assorted Antiques.
  9905 | D:5      | Bought a runed robe for 103 gold pieces
  9905 | D:5      | Bought 2 potions of curing for 168 gold pieces
 10004 | D:5      | Noticed Edmund
 10030 | D:5      | HP: 1/37 [poisoned by Edmund]
 10031 | D:5      | Killed Edmund
 10474 | D:5      | Found a shimmering altar of Xom.
 10476 | D:5      | Found a glowing silver altar of Zin.
 10484 | D:5      | Found a blossoming altar of Fedhas.
 10485 | D:5      | Found a bloodstained altar of Trog.
 10682 | D:5      | Reached skill level 6 in Dodging
 11000 | D:6      | Found a sand-covered staircase.
 11013 | Ossuary  | Entered an ossuary
 11323 | Ossuary  | Reached XP level 8. HP: 42/42 MP: 13/13
 12810 | D:6      | Found a burning altar of Makhleb.
 12810 | D:6      | Noticed a blizzard demon
 12813 | D:6      | Noticed a smoke demon
 14758 | D:7      | Reached skill level 7 in Dodging
 15450 | D:8      | Found a white marble altar of Elyvilon.
 15538 | D:8      | Reached skill level 5 in Short Blades
 15601 | D:8      | Reached XP level 9. HP: 46/46 MP: 15/15
 15724 | D:8      | Found a basalt altar of Yredelemnul.
 15764 | D:8      | Noticed Harold
 15795 | D:8      | Killed Harold
 15795 | D:8      | Reached ** piety under Okawaru
 16634 | D:8      | Noticed a troll
 16642 | D:8      | Reached skill level 5 in Fighting
 17000 | D:8      | Noticed Grum
 17015 | D:8      | Reached skill level 8 in Dodging
 17023 | D:8      | Killed Grum
 17184 | D:8      | Reached *** piety under Okawaru
 17917 | D:8      | Noticed Joseph
 17927 | D:8      | HP: 1/47 [Joseph (15)]
 17928 | D:8      | Slain by Joseph

Illustrated notes

Levels and vault maps discovered:
D:1:      dpeg_arrival_morbid_curiosity, layout_loops_ring,
          shapermc_ecumenical_altar_totnotflames
D:2:      layout_basic
D:3:      layout_loops_corners, nicolae_hepliaklqana_hippocampus, serial_shops,
          shop, supply_closet_lemuel, hangedman_decor_clover_reticule
D:4:      layout_cave_pools, temple_green, minmay_joined_circles
D:5:      layout_gridville, grunt_temple_overflow_order_and_chaos_1,
          mainiacjoe_overflow_divided_tiny, serial_shops,
          nicolae_shop_overgrown_old_shop, uniq_edmund, uniq_menkaure
D:6:      layout_loops_cross, makhleb_altar_promises_db,
          nicolae_ossuary_entry_giza
D:7:      layout_loops_ring, palyth_stone_intersect
D:8:      layout_basic, kennysheep_ying_yang, minmay_between, uniq_grum,
          uniq_harold, uniq_joseph
Temple:   nicolae_temple_god_jail

Skill      XL: |  1  2  3  4  5  6  7  8  9 |
---------------+----------------------------+-----
Short Blades   | 1 2 3 5 6 |  6.1
Long Blades    | 2 3 4 |  4.9
Fighting       | 3 4 5 |  5.3
Spellcasting   | 1 2 3 4 |  4.4
Dodging        | 5 6 7 8 |  8.4
Armour         | 1 2 |  2.6
Shields        | 3 4 |  4.8
Invocations    | 1 2 3 |  3.3

Action                   |  1- 3 |  4- 6 |  7- 9 || total
-------------------------+-------+-------+-------++-------
Melee: Long sword        |   123 |   114 |    29 ||   266
       Dagger            |    11 |   106 |    51 ||   168
       Short sword       |       |    11 |       ||    11
       Hand axe          |       |       |   328 ||   328
Throw: Throwing net      |       |     1 |       ||     1
Invok: Heroism           |       |       |    15 ||    15
Evoke: Wand              |       |       |     2 ||     2
  Use: Potion            |     1 |     3 |     3 ||     7
       Scroll            |       |       |     8 ||     8
 Stab: Sleeping          |     3 |       |     2 ||     5
Armor: Robe              |    18 |    11 |    19 ||    48
Dodge: Dodged            |    89 |   165 |   286 ||   540
Block: Buckler           |    35 |    65 |   129 ||   229

Table legend: (Time is in decaauts)
 A = Elapsed time spent in this place.
 B = Non-inter-level travel time spent in this place.
 C = Inter-level travel time spent in this place.
 D = Time resting spent in this place.
 E = Time spent auto-exploring this place.
 F = Levels seen in this place.
 G = Mean time per level.
                   A        B        C        D        E       F      G
               +--------+--------+--------+--------+--------+-----+--------+
         Total |  15539 |  15153 |    386 |   9165 |   3812 |  10 | 1553.9 |
       Dungeon |  14158 |  13778 |    380 |   8333 |   3536 |   8 | 1769.8 |
        Temple |     62 |     56 |      6 |      0 |     35 |   1 |   62.0 |
       Ossuary |   1318 |   1318 |      0 |    832 |    240 |   1 | 1318.0 |
               +--------+--------+--------+--------+--------+-----+--------+

Top non-repeatable levels by time:
     D:3: 3891 daAuts
     D:5: 1912 daAuts
     D:8: 1693 daAuts
     D:7: 1670 daAuts
     D:4: 1659 daAuts
     D:6: 1367 daAuts
     D:1: 1349 daAuts
 Ossuary: 1318 daAuts
     D:2: 615 daAuts
  Temple: 62 daAuts
